Kradschützen Motorcycle Team
Construct Light Support Kompanie
Construct Mechanized Kompanie
254 Reconnaissance Tractor
Marder III Tank Destroyer
Construct Panzerarmee Kommand
Marder III Tank Destroyer
Marder III Tank Destroyer
Construct Panzerarmee Kommand
Selects Territory Booby Traps
Selects Obice 305mm Barrage
Marder III Tank Destroyer
Walking Stuka Rocket Launcher
Walking Stuka Rocket Launcher
Selects Registered Artillery
Selects Towed Cannone da 105/28 Field Howitzer
Marder III Tank Destroyer
254 Reconnaissance Tractor
Marder III Tank Destroyer
Marder III Tank Destroyer
Marder III Tank Destroyer
Marder III Tank Destroyer
Marder III Tank Destroyer
Marder III Tank Destroyer
Walking Stuka Rocket Launcher
Walking Stuka Rocket Launcher
254 Reconnaissance Tractor
Marder III Tank Destroyer
Marder III Tank Destroyer
Marder III Tank Destroyer
Marder III Tank Destroyer
Marder III Tank Destroyer
Marder III Tank Destroyer
Marder III Tank Destroyer
Marder III Tank Destroyer
Marder III Tank Destroyer